 Dungeon Crawl Stone Soup version 0.23.2-1-ga50397a (webtiles) character file.

Game seed: 15974118352605000670

154 Borgoz the Chopper (level 5, -6/45 HPs)
             Began as a Minotaur Gladiator on May 15, 2019.
             Mangled by an ogre
             ... wielding a +0 giant club
              (14 damage)
             ... on level 4 of the Dungeon.
             The game lasted 00:03:38 (2048 turns).

Borgoz the Chopper (Minotaur Gladiator)             Turns: 2048, Time: 00:03:39

Health: -6/45      AC:  5    Str: 19    XL:     5   Next: 13%
Magic:  4/4        EV: 12    Int:  5    God:
Gold:   122        SH:  0    Dex: 12    Spells: 4/4 levels left

rFire    . . .     SeeInvis .   a - +0 war axe
rCold    . . .     Gourm    .   (no shield)
rNeg     . . .     Faith    .   k - +0 ring mail
rPois    .         Spirit   .   c - +0 hat
rElec    .         Reflect  .   (no cloak)
rCorr    .         Harm     .   (no gloves)
MR       .....                  (no boots)
Stlth    +.........             (no amulet)
HPRegen  0.15/turn              l - ring of flight
MPRegen  0.09/turn              (no ring)

@: no status effects
A: retaliatory headbutt, horns 2
a: Evoke Flight


You were on level 4 of the Dungeon.
You were not hungry.

You visited 1 branch of the dungeon, and saw 4 of its levels.

You collected 122 gold pieces.

Inventory:

Hand Weapons
 a - a +0 war axe (weapon)
Armour
 c - a +0 hat (worn)
 k - a +0 ring mail (worn)
Jewellery
 l - a ring of flight (left hand)
Scrolls
 b - 2 scrolls of remove curse {unknown}
 i - 2 scrolls of identify {unknown}
 j - a scroll of amnesia {unknown}
 m - 3 scrolls of teleportation {unknown}
Potions
 e - 2 potions of curing
 g - a potion of brilliance {unknown}
 n - 2 potions of mutation {unknown}
 o - a potion of haste {unknown}
Comestibles
 f - 11 rations
 h - a chunk of flesh


   Skills:
 + Level 3.5 Fighting
 * Level 5.2 Axes
 - Level 2.0 Throwing
 + Level 2.4 Armour
 + Level 4.1 Dodging


You had 4 spell levels left.
You didn't know any spells.
Your spell library was empty.

Dungeon Overview and Level Annotations

Branches:
Dungeon (4/15)
 Temple: D:4-7

Altars:
Elyvilon
Makhleb


Innate Abilities, Weirdness & Mutations

You reflexively headbutt those who attack you in melee.
You have a pair of horns on your head.


Message History

The ogre hits you with a +0 giant club!
* * * LOW HITPOINT WARNING * * *
Throwing (i - inventory)
d - a throwing net (quivered)
Press: ? - help, Shift-Dir - straight line, f/p - ogre
Aim: an ogre, wielding a +0 giant club (severely wounded)
You throw a throwing net.
The throwing net barely misses the ogre.
The ogre barely misses you.
You hit the ogre but do no damage.
The ogre is severely wounded.
The ogre hits you with a +0 giant club.
* * * LOW HITPOINT WARNING * * *
You slash the ogre!
The ogre is almost dead.
It was a potion of curing.
You feel better. The ogre completely misses you.
Your ring mail prevents you from hitting the ogre.
You headbutt the ogre.
The ogre is almost dead.
The ogre hits you with a +0 giant club!
You die...

### # ..# # #.
#.# ##
..##.####.# ..
.......#.##.####
#...$..O.....#
#.....@#
#...<#.#
#......#
###.#### #. #+


You could see an ogre.

Vanquished Creatures
  An orc priest (D:3)
  4 gnolls (D:2)
  2 adders
  3 worms (D:2)
  A dart slug (D:3)
  2 leopard geckos
  2 orcs (D:3)
  A ball python (D:2)
  6 bats
  5 giant cockroaches
  4 goblins
  6 hobgoblins
  5 jackals (D:2)
  A kobold (D:2)
  4 frilled lizards
  7 rats
54 creatures vanquished.

Notes
Turn   | Place    | Note
-------+----------+-------------------------------------------
     0 | D:1      | Borgoz the Minotaur Gladiator began the quest for the Orb.
     0 | D:1      | Reached XP level 1. HP: 18/18 MP: 0/0
   391 | D:1      | Reached XP level 2. HP: 25/25 MP: 1/1
   657 | D:2      | Reached skill level 4 in Axes
   657 | D:2      | Reached skill level 1 in Armour
   658 | D:2      | Reached XP level 3. HP: 8/30 MP: 2/2
  1139 | D:2      | Reached XP level 4. HP: 31/38 MP: 3/3
  1194 | D:2      | Found a burning altar of Makhleb.
  1443 | D:3      | Found a white marble altar of Elyvilon.
  1514 | D:3      | Reached skill level 5 in Axes
  1931 | D:3      | Reached XP level 5. HP: 35/45 MP: 4/4
  2037 | D:4      | Noticed an ogre
  2045 | D:4      | HP: 1/45 [ogre/+0 giant club (3)]
  2048 | D:4      | Mangled by an ogre

Skill      XL: |  1  2  3  4 |
---------------+-------------+-----
Axes           | 4 5 |  5.2
Armour         | 1 2 |  2.4
Fighting       | 3 |  3.5
Dodging        | 4 |  4.1
Throwing       | |  2.0

Action                   |  1- 3 |  4- 6 || total
-------------------------+-------+-------++-------
Melee: War axe           |    35 |    50 ||    85
       Headbutt          |     4 |    10 ||    14
Throw: Throwing net      |       |     3 ||     3
  Use: Potion            |       |     1 ||     1
  Eat: Chunk             |     1 |     3 ||     4
Armor: Chain mail        |     2 |       ||     2
       Ring mail         |     9 |    23 ||    32
Dodge: Dodged            |    37 |    44 ||    81
